 Seeded DCSS version 0.29.1-15-g9cfb28693d (webtiles) character file.

Game seed: 13097244426000423620 (custom seed)

67649 valliere the Grappler (level 14, -6/137 HPs)
             Began as a Troll Monk on May 8, 2023.
             Was the Champion of Jiyva.
             Mangled by a wolf spider (15 damage)
             ... on level 2 of the Spider Nest.
             The game lasted 00:30:41 (13244 turns).

valliere the Grappler (Troll Monk)                 Turns: 13244, Time: 00:30:45

Health: -6/137     AC: 33    Str: 29    XL:     14   Next: 35%
Magic:  19/19      EV: 10    Int: 15    God:    Jiyva [******]
Gold:   527        SH:  0    Dex: 12    Spells: 13/13 levels left

rFire   + . .      SeeInvis +     - Unarmed
rCold   + . .      Faith    .   (no shield)
rNeg    . . .      Spirit   .   k - +9 scales of the Dragon King {rPois rF+ rC+ Will+}
rPois   +          Reflect  .   E - +1 hat {Int+3}
rElec   +          Harm     .   s - +0 cloak
rCorr   +          Rampage  .   (gloves unavailable)
Will    ++...      Clarity  +   (boots unavailable)
Stlth   ..........              (no amulet)
HPRegen 2.72/turn               J - ring of Moral Flaws {+Blink Str+3 Int+6 SInv}
MPRegen 0.66/turn               I - ring "Baufoc" {Contam +Blink rElec EV+4 Slay+4}

@: lethally poisoned (-6 -> -6)
A: large, unfitting armour, claws 3, regeneration 1, shaggy fur 1, tough skin 1,
hooves 3, iridescent scales 1, clarity, acidic bite, jelly absorbing missiles,
no potion heal 1, MP-powered wands
}: 1/15 runes: slimy
a: Renounce Religion, Evoke Blink, Oozemancy, Slimify


You were on level 2 of the Spider Nest.
You worshipped Jiyva.
Jiyva was exalted by your worship.
You visited 5 branches of the dungeon, and saw 21 of its levels.
You also visited: Sewer and Ice Cave.

You collected 527 gold pieces.

Inventory:

Missiles
 i - a throwing net (quivered)
Armour
 a - a +0 robe
 k - the +9 scales of the Dragon King (worn) {rPois rF+ rC+ Will+}
   (You found it on level 3 of the Dungeon)

   rF:        It protects you from fire.
   rC:        It protects you from cold.
   rPois:     It protects you from poison.
   Will:      It increases your willpower.
 s - a +0 cloak (worn)
 E - a +1 hat of intelligence (worn)
Jewellery
 g - a ring of protection from cold
 w - a ring of wizardry
 A - a +4 ring of slaying
 G - a ring of wizardry
 I - the ring "Baufoc" (right claw) {Contam +Blink rElec EV+4 Slay+4}
   (You found it on level 5 of the Pits of Slime)

   [ring of evasion]

   EV:        It affects your evasion (+4).
   Slay:      It affects your accuracy & damage with ranged weapons and melee
   (+4).
   rElec:     It insulates you from electricity.
   +Blink:    It lets you blink.
   Contam:    It causes magical contamination when unequipped.
 J - the ring of Moral Flaws (left claw) {+Blink Str+3 Int+6 SInv}
   (You found it on level 5 of the Pits of Slime)

   [ring of intelligence]

   Str:       It affects your strength (+3).
   Int:       It affects your intelligence (+6).
   SInv:      It lets you see invisible.
   +Blink:    It lets you blink.
Wands
 x - a wand of roots (18)
 y - a wand of digging (11)
 M - a wand of polymorph (6)
Scrolls
 e - a scroll of fog {unknown}
 f - a scroll of blinking {unknown}
 h - 4 scrolls of enchant armour
 j - 3 scrolls of amnesia
 q - 2 scrolls of summoning {unknown}
 r - a scroll of enchant weapon {unknown}
 u - 6 scrolls of teleportation
 B - 5 scrolls of vulnerability {unknown}
 F - a scroll of fear {unknown}
 H - 3 scrolls of identify
 K - a scroll of immolation {unknown}
 L - a scroll of poison {unknown}
Potions
 b - a potion of ambrosia
 c - 3 potions of degeneration
 d - a potion of resistance {unknown}
 l - 6 potions of flight
 m - 4 potions of heal wounds
 n - 3 potions of haste {unknown}
 o - 6 potions of cancellation
 p - a potion of mutation
 t - 4 potions of curing {unknown}
 v - a potion of brilliance {unknown}
 z - a potion of attraction {unknown}
 C - 2 potions of lignification {unknown}
 D - a potion of berserk rage {unknown}
 N - a potion of might {unknown}


   Skills:
 + Level 8.6 Fighting
 * Level 11.6 Armour
 + Level 8.6 Dodging
 - Level 1.0 Stealth
 * Level 14.1 Unarmed Combat
 + Level 9.1 Invocations


You had 13 spell levels left.
You didn't know any spells.
Your spell library contained the following spells:

 Spells                   Type           Power      Damage    Failure   Level
 Apportation              Tloc           0%         N/A       100%        1
 Necrotise                Necr           0%         1d4       100%        1
 Summon Small Mammal      Summ           0%         N/A       100%        1
 Static Discharge         Conj/Air       0%         3-3/arc   100%        2
 Call Canine Familiar     Summ           0%         N/A       100%        3
 Dazzling Flash           Conj/Hex       0%         N/A       100%        3
 Inner Flame              Hex/Fire       0%         N/A       100%        3
 Portal Projectile        Hex/Tloc       0%         N/A       100%        3
 Summon Guardian Golem    Hex/Summ       0%         N/A       100%        3
 Animate Dead             Necr           0%         N/A       100%        4
 Cause Fear               Hex            0%         N/A       100%        4
 Dispel Undead            Necr           0%         3d6       100%        4
 Hailstorm                Conj/Ice       0%         3d3       100%        4
 Ice Form                 Ice/Tmut       0%         N/A       100%        4
 Leda's Liquefaction      Hex/Erth       0%         N/A       100%        4
 Sticky Flame             Conj/Fire      0%         2d3       100%        4
 Agony                    Necr           0%         N/A       100%        5
 Silence                  Hex/Air        0%         N/A       100%        5
 Summon Forest            Summ/Tloc      0%         N/A       100%        5
 Eringya's Noxious Bog    Tmut/Pois      0%         N/A       100%        6
 Simulacrum               Ice/Necr       0%         N/A       100%        6
 Haunt                    Necr/Summ      0%         N/A       100%        7
 Summon Hydra             Summ           0%         N/A       100%        7
 Discord                  Hex            0%         N/A       100%        8
 Infestation              Necr           0%         N/A       100%        8


Dungeon Overview and Level Annotations

Branches:
Dungeon (8/15)             Temple (1/1) D:7            Lair (5/5) D:8
 Shoals (0/4) Lair:2       Spider (2/4) Lair:3        Slime (5/5) Lair:5
  Sewer (visited)           IceCv (visited)

Altars:
Ashenzari
Cheibriados
Dithmenos
Elyvilon
Fedhas
Gozag
Hepliaklqana
Kikubaaqudgha
Makhleb
Nemelex Xobeh
Okawaru
Qazlal
Ru
Sif Muna
Trog
Uskayaw
Vehumet
Wu Jian
Xom
Yredelemnul
Zin
The Shining One
Jiyva

Annotations:
Spider:1 2 transporters, DemonSlayer's ghost, adept DsEE
Slime:5 Royal Jelly


Innate Abilities, Weirdness & Mutations

You are too large for most types of armour.
You have claws for hands.
Your natural rate of healing is unusually fast.
You are covered in fur. (AC +1)
You have tough skin. (AC +1)
You have hooves in place of feet.
You are partially covered in iridescent scales. (AC +2)
You possess an exceptional clarity of mind.
You have acidic saliva.
You have a small jelly attached to you that may absorb projectiles.
Potions are less effective at restoring your health.
You expend magic power (3 MP) to strengthen your wands.


Message History

You feel very sick. The tarantella touches you. The wolf spider hits you.
The wolf spider bites you but does no damage.
The tarantella touches you.
You mangle the redback!!
The redback is heavily wounded.
You feel very sick.
The redback bites you but does no damage.
The tarantella touches you. The wolf spider hits you!
* * * LOW HITPOINT WARNING * * *
The wolf spider bites you!
* * * LOW HITPOINT WARNING * * *
The redback bites you.
* * * LOW HITPOINT WARNING * * *
The tarantella touches you but does no damage.
You closely miss the redback. You kick the redback!
You bite the redback, but do no damage.
The redback is almost dead.
You feel very sick. The redback barely misses you.
The tarantella touches you but does no damage.
The wolf spider closely misses you. x2
You hear a faint skittering sound.
The redback bites you but does no damage.
The tarantella touches you but does no damage.
The wolf spider closely misses you.
The wolf spider bites you but does no damage.
You claw the redback!
You kill the redback!
You feel sick. The tarantella completely misses you.
The wolf spider barely misses you. The wolf spider closely misses you.
Unknown command.
You mangle the tarantella!!
The tarantella is heavily wounded.
You feel sick. The tarantella touches you!
* * * LOW HITPOINT WARNING * * *
The tarantella misses you.
The tarantella touches you but does no damage.
The wolf spider hits you!
You die...

... . .... ##..##.>......
# ...^...#....#. ##.
....#........
#...#..^....#...
##..^......^..
#.....ss#.#.# s #@#ss##..
#### ##ss#.... ###..#
###ss#....... ##....#
#............ ##.#...#
##...#.....#.$
##......#####.#...?#.#..#
#...#.....##.......#...../
#...#...............#.....
#.........#...#^#.......


You could see a wolf spider, 2 tarantellas and 2 redbacks.

Vanquished Creatures
  An emperor scorpion (Spider:1)
  3 dire elephants (Lair:5)
  A hydra (Lair:2)
  3 boulder beetles (Spider:1)
  A catoblepas (Lair:5)
  A jorogumo (Spider:2)
  Urug (Lair:5)
  A death yak (Lair:5)
  A spectral death yak (Lair:5)
  A spectral anaconda (Lair:5)
  2 steelbarb worms (Spider:1)
  An orb spider (Spider:1)
  An obsidian statue (Lair:5)
  4 necromancers (Lair:5)
  5 wolf spiders
  18 elephants
  2 moths of wrath
  2 dire elephant zombies (Lair:5)
  2 ice statues (IceCv)
  2 torpor snails (Spider:1)
  9 cane toads
  4 black mambas
  A dire elephant skeleton (Lair:5)
  A rime drake (Lair:5)
  2 demonic crawlers (Spider:1)
  An anaconda simulacrum (IceCv)
  8 komodo dragons
  7 ice devils (IceCv)
  A freezing wraith (IceCv)
  3 meliai (Spider:1)
  A polar bear (Lair:4)
  4 dream sheep (Lair:4)
  5 tarantellas (Spider:1)
  12 blink frogs
  A snapping turtle (Lair:2)
  4 culicivoras (Spider:1)
  A jumping spider (Spider:2)
  4 wyverns
  Sigmund (D:2)
  A dire elephant simulacrum (IceCv)
  42 yaks
  A death yak simulacrum (IceCv)
  6 redbacks
  4 basilisks
  A spectral cane toad (Lair:5)
  An acid dragon (D:8)
  12 water moccasins
  2 sky beasts
  An orc warrior (D:8)
  6 black bears
  2 ice beasts
  An elephant zombie (Lair:5)
  6 wolves (Lair:1)
  An elephant skeleton (Lair:5)
  2 ogres
  A phantom (D:7)
  13 bullfrogs
  2 kobold brigands
  A two-headed ogre simulacrum (IceCv)
  A scorpion (D:4)
  9 wights
  3 cane toad simulacra
  3 elephant simulacra
  A howler monkey (D:6)
  2 electric eels (Lair:2)
  2 jellies (Sewer)
  3 hounds
  2 orc priests
  Crazy Yiuf (D:5)
  2 iguanas (D:7)
  9 orc wizards
  2 troll simulacra (IceCv)
  A polar bear simulacrum (IceCv)
  2 spriggan simulacra (IceCv)
  A wolf simulacrum (IceCv)
  7 adders
  A river rat (Sewer)
  3 naga simulacra (IceCv)
  A shadow imp (D:7)
  6 white imps
  A worm (D:5)
  A dart slug (D:5)
  28 orcs
  5 ball pythons
  9 endoplasms
  5 giant cockroaches
  7 goblins
  4 hobgoblins
  9 kobolds
  2 quokkas
  2 bats
  4 frilled lizards (Sewer)
  7 rats
375 creatures vanquished.

Vanquished Creatures (collateral kills)
  Gastronok (Lair:3)
  A reaper (IceCv)
  A death yak (Lair:5)
  A hydra simulacrum (IceCv)
  A plant (Lair:3)
5 creatures vanquished.

Vanquished Creatures (others)
  A phantom (D:4)
  2 wights (D:6)
  14 jellies
  2 orc priests (D:5)
  4 adders
  A shadow imp (D:7)
  2 ufetubi (D:5)
  2 endoplasms (D:4)
  7 orcs (D:5)
  2 hobgoblins (D:4)
  6 kobolds
  39 fungi
  65 plants
  21 withered plants (Lair:5)
168 creatures vanquished.

Grand Total: 548 creatures vanquished

Notes
Turn   | Place    | Note
-------+----------+-------------------------------------------
     0 | D:1      | valliere the Troll Monk began the quest for the Orb.
     0 | D:1      | Reached XP level 1. HP: 22/22 MP: 0/0
   118 | D:1      | Reached XP level 2. HP: 29/29 MP: 1/1
   726 | D:2      | Noticed Sigmund
   733 | D:2      | Killed Sigmund
   734 | D:2      | Reached skill level 4 in Unarmed Combat
   734 | D:2      | Reached skill level 1 in Invocations
   734 | D:2      | Reached XP level 3. HP: 36/36 MP: 1/3
   734 | D:2      | Reached XP level 4. HP: 44/44 MP: 1/4
   734 | D:2      | Reached XP level 5. HP: 52/52 MP: 1/5
   804 | D:2      | You fall into a shaft and drop 1 floor!
  1011 | D:3      | Found the +9 scales of the Dragon King {rPois rF+ rC+
                  | Will+}
  1089 | D:3      | Found a glowing drain.
  1101 | Sewer    | Entered a sewer
  1229 | Sewer    | Reached XP level 6. HP: 53/61 MP: 6/6
  1265 | Sewer    | Found a viscous altar of Jiyva.
  1277 | Sewer    | Became a worshipper of Jiyva Jierr the Shapeless
  1277 | Sewer    | Reached * piety under Jiyva
  1277 | Sewer    | Reached ** piety under Jiyva
  1863 | D:4      | Reached skill level 5 in Unarmed Combat
  1863 | D:4      | Reached XP level 7. HP: 52/67 MP: 7/7
  2113 | D:4      | Found an iron altar of Okawaru.
  2372 | D:5      | Entered Level 5 of the Dungeon
  2588 | D:5      | Reached *** piety under Jiyva
  2662 | D:5      | Gained mutation: Your body has grown eyes which may confuse
                  | attackers. (Acc +3) [Jiyva's grace]
  2662 | D:5      | Gained mutation: Your body has grown many eyes which may
                  | confuse attackers. (Acc +5) [Jiyva's grace]
  2662 | D:5      | Gained mutation: Your body is covered in eyes which may
                  | confuse attackers. (Acc +7, SInv) [Jiyva's grace]
  2662 | D:5      | Gained mutation: You have a small jelly attached to you
                  | that senses nearby items. [Jiyva's grace]
  2771 | D:5      | Found a runed translucent door.
  2772 | D:5      | Noticed Crazy Yiuf
  3158 | D:5      | Found a stormy altar of Qazlal.
  3242 | D:5      | Reached XP level 8. HP: 78/78 MP: 9/9
  3260 | D:5      | Reached **** piety under Jiyva
  3418 | D:5      | Killed Crazy Yiuf
  3511 | D:6      | Reached skill level 6 in Unarmed Combat
  3562 | D:6      | Found a hazy altar of Hepliaklqana.
  4309 | D:7      | Reached skill level 5 in Armour
  4362 | D:7      | Reached skill level 7 in Unarmed Combat
  4369 | D:7      | Found a staircase to the Ecumenical Temple.
  4374 | D:7      | Reached XP level 9. HP: 85/85 MP: 10/10
  4399 | D:7      | Found a sacrificial altar of Ru.
  4409 | Temple   | Entered the Ecumenical Temple
  4790 | D:7      | Reached ***** piety under Jiyva
  4872 | D:7      | Found a glowing golden altar of the Shining One.
  5193 | D:8      | Found a staircase to the Lair.
  5193 | D:8      | Noticed an elephant
  5206 | D:8      | Killed an elephant
  5214 | D:8      | Reached skill level 8 in Unarmed Combat
  5215 | D:8      | Reached skill level 5 in Fighting
  5221 | D:8      | Reached skill level 5 in Dodging
  5231 | D:8      | Reached XP level 10. HP: 62/96 MP: 12/12
  5350 | D:8      | Lost mutation: Your body is covered in eyes which may
                  | confuse attackers. (Acc +7, SInv) [Jiyva's grace]
  5350 | D:8      | Gained mutation: You have acidic saliva. [Jiyva's grace]
  5350 | D:8      | Gained mutation: Your translucent skin slightly reduces
                  | your foes' accuracy. (Stealth+) [Jiyva's grace]
  5350 | D:8      | Gained mutation: Your translucent skin reduces your foes'
                  | accuracy. (Stealth+) [Jiyva's grace]
  5350 | D:8      | Gained mutation: Your transparent skin significantly
                  | reduces your foes' accuracy. (Stealth+) [Jiyva's grace]
  5560 | Lair:1   | Entered Level 1 of the Lair of Beasts
  5591 | Lair:1   | Reached skill level 5 in Invocations
  5611 | Lair:1   | Noticed a cane toad
  5619 | Lair:1   | Killed a cane toad
  5624 | Lair:1   | Noticed a black mamba
  5632 | Lair:1   | Killed a black mamba
  5636 | Lair:1   | Reached skill level 9 in Unarmed Combat
  5693 | Lair:1   | Noticed a cane toad
  5698 | Lair:1   | Killed a cane toad
  5912 | Lair:1   | Noticed a cane toad
  5918 | Lair:1   | Killed a cane toad
  5932 | Lair:1   | Reached XP level 11. HP: 105/105 MP: 14/14
  6011 | Lair:1   | Found a frozen archway.
  6023 | IceCv    | Entered an ice cave
  6105 | IceCv    | Reached skill level 10 in Unarmed Combat
  6260 | IceCv    | Noticed a reaper
  6302 | IceCv    | Killed a reaper
  6968 | Lair:1   | Lost mutation: You have acidic saliva. [Jiyva's grace]
  6968 | Lair:1   | Lost mutation: Your body has grown many eyes which may
                  | confuse attackers. (Acc +5) [Jiyva's grace]
  6968 | Lair:1   | Lost mutation: Your transparent skin significantly reduces
                  | your foes' accuracy. (Stealth+) [Jiyva's grace]
  6968 | Lair:1   | Lost mutation: Your translucent skin reduces your foes'
                  | accuracy. (Stealth+) [Jiyva's grace]
  6968 | Lair:1   | Gained mutation: You have sharp toenails. [Jiyva's grace]
  6968 | Lair:1   | Gained mutation: You have razor-sharp toenails. [Jiyva's
                  | grace]
  6968 | Lair:1   | Gained mutation: You have claws for feet. [Jiyva's grace]
  6968 | Lair:1   | Gained mutation: You have acidic saliva. [Jiyva's grace]
  6970 | Lair:1   | Reached ****** piety under Jiyva
  7274 | Lair:2   | Noticed a seven-headed hydra
  7282 | Lair:2   | Killed a 12-headed hydra
  7332 | Lair:2   | Reached skill level 11 in Unarmed Combat
  7581 | Lair:2   | Reached XP level 12. HP: 111/115 MP: 16/16
  7883 | Lair:2   | Found a staircase to the Shoals.
  8143 | Lair:3   | Noticed Gastronok
  8154 | Lair:3   | Killed Gastronok
  8316 | Lair:3   | Found a hole to the Spider Nest.
  8841 | Lair:4   | Reached skill level 12 in Unarmed Combat
  9044 | Lair:4   | Lost mutation: You have a small jelly attached to you that
                  | senses nearby items. [Jiyva's grace]
  9044 | Lair:4   | Gained mutation: You are covered in slimy tendrils that may
                  | disarm your opponents. [Jiyva's grace]
  9044 | Lair:4   | Gained mutation: Your muscles are strong. (Str +4, Int/Dex
                  | -1) [Jiyva's grace]
  9044 | Lair:4   | Gained mutation: Your muscles are very strong. (Str +8,
                  | Int/Dex -2) [Jiyva's grace]
  9044 | Lair:4   | Gained mutation: Your system is resistant to poisons.
                  | (rPois) [Jiyva's grace]
  9156 | Lair:4   | Reached skill level 10 in Armour
  9306 | Lair:4   | Reached XP level 13. HP: 118/124 MP: 17/17
  9419 | Lair:4   | Found a white marble altar of Elyvilon.
  9683 | Lair:4   | Lost mutation: Your system is resistant to poisons. (rPois)
                  | [potion of mutation]
  9683 | Lair:4   | Lost mutation: Your muscles are very strong. (Str +8,
                  | Int/Dex -2) [potion of mutation]
  9683 | Lair:4   | Gained mutation: Potions are less effective at restoring
                  | your health. [potion of mutation]
  9683 | Lair:4   | Gained mutation: You possess an exceptional clarity of
                  | mind. [potion of mutation]
  9703 | Lair:5   | Entered Level 5 of the Lair of Beasts
  9788 | Lair:5   | Noticed Urug
  9798 | Lair:5   | Killed Urug
  9893 | Lair:5   | Found a viscous altar of Jiyva.
  9894 | Lair:5   | Found a staircase to the Slime Pits.
 10215 | Lair:5   | Noticed a dire elephant
 10215 | Lair:5   | Noticed a dire elephant
 10237 | Lair:5   | Noticed a dire elephant
 10246 | Lair:5   | Killed a dire elephant
 10247 | Lair:5   | Reached skill level 13 in Unarmed Combat
 10295 | Slime:1  | Entered Level 1 of the Pits of Slime
 10318 | Slime:1  | Noticed an acid blob
 10319 | Slime:1  | Noticed a rockslime
 10358 | Slime:1  | Noticed an acid blob
 10359 | Slime:1  | Noticed a quicksilver ooze
 10438 | Slime:1  | Noticed a quicksilver ooze
 10537 | Slime:1  | Noticed a rockslime
 10783 | Slime:2  | Noticed an azure jelly
 10783 | Slime:2  | Noticed an azure jelly
 10818 | Slime:2  | Noticed a rockslime
 10876 | Slime:2  | Noticed an acid blob
 11075 | Slime:3  | Noticed a rockslime
 11142 | Slime:3  | Noticed a quicksilver ooze
 11158 | Slime:3  | Noticed an azure jelly
 11204 | Slime:3  | Noticed a quicksilver ooze
 11290 | Slime:4  | Noticed an acid blob
 11503 | Slime:5  | Entered Level 5 of the Pits of Slime
 11550 | Slime:5  | Noticed an azure jelly
 11554 | Slime:5  | Noticed an acid blob
 11596 | Slime:5  | Noticed an azure jelly
 11600 | Slime:5  | Noticed an azure jelly
 11610 | Slime:5  | Noticed an azure jelly
 11611 | Slime:5  | Noticed a rockslime
 11690 | Slime:5  | Noticed a rockslime
 11693 | Slime:5  | Noticed an acid blob
 11693 | Slime:5  | Noticed the Royal Jelly
 11694 | Slime:5  | Found a viscous altar of Jiyva.
 11698 | Slime:5  | Identified the ring "Baufoc" {Contam +Blink rElec EV+4
                  | Slay+4}
 11707 | Slime:5  | Got a slimy rune of Zot
 11722 | Slime:5  | Identified the ring of Moral Flaws {+Blink Str+3 Int+6
                  | SInv}
 11725 | Slime:5  | Identified the +4 scimitar of Qazlal's Esteem {speed,
                  | Int+5}
 11733 | Slime:5  | Noticed an azure jelly
 11752 | Slime:5  | Noticed an acid blob
 11770 | Slime:5  | Noticed an azure jelly
 11773 | Slime:5  | Noticed a rockslime
 11803 | Slime:5  | Noticed an acid blob
 11999 | Lair:5   | Killed a dire elephant
 12011 | Lair:5   | Killed a dire elephant
 12375 | Spider:1 | Entered Level 1 of the Spider Nest
 12458 | Spider:1 | Reached XP level 14. HP: 135/137 MP: 19/19
 12486 | Spider:1 | Noticed an emperor scorpion
 12498 | Spider:1 | Killed an emperor scorpion
 12529 | Spider:1 | Found a transporter.
 12560 | Spider:1 | Lost mutation: You have claws for feet. [Jiyva's grace]
 12560 | Spider:1 | Lost mutation: Your muscles are strong. (Str +4, Int/Dex
                  | -1) [Jiyva's grace]
 12560 | Spider:1 | Gained mutation: You have a small jelly attached to you
                  | that may absorb projectiles. [Jiyva's grace]
 12560 | Spider:1 | Lost mutation: You have razor-sharp toenails. [Jiyva's
                  | grace]
 12560 | Spider:1 | Lost mutation: You have sharp toenails. [Jiyva's grace]
 12560 | Spider:1 | Gained mutation: You have large cloven feet. [Jiyva's
                  | grace]
 12560 | Spider:1 | Gained mutation: You have hoof-like feet. [Jiyva's grace]
 12560 | Spider:1 | Gained mutation: You have hooves in place of feet. [Jiyva's
                  | grace]
 12562 | Spider:1 | Lost mutation: Your translucent skin slightly reduces your
                  | foes' accuracy. (Stealth+) [potion of mutation]
 12562 | Spider:1 | Lost mutation: You are covered in slimy tendrils that may
                  | disarm your opponents. [potion of mutation]
 12562 | Spider:1 | Lost mutation: Your body has grown eyes which may confuse
                  | attackers. (Acc +3) [potion of mutation]
 12562 | Spider:1 | Gained mutation: You expend magic power (3 MP) to
                  | strengthen your wands. [potion of mutation]
 12562 | Spider:1 | Gained mutation: You are partially covered in iridescent
                  | scales. (AC +2) [potion of mutation]
 12837 | Spider:1 | Found a transporter.
 12839 | Spider:1 | Noticed DemonSlayer's ghost (adept DsEE)
 13058 | Spider:1 | Reached skill level 14 in Unarmed Combat
 13244 | Spider:2 | Mangled by a wolf spider

Illustrated notes

Levels and vault maps discovered:
D:1:      lightli_arrival_chessboard, layout_basic, grunt_decor_resistance
D:2:      minmay_chambers_of_ones, layout_loops_ring, uniq_sigmund, uniq_robin,
          uniq_terence
D:3:      layout_loops_cross, portal_sewer_entry_a
D:4:      layout_loops_ring, lemuel_coloured_pillars_altar
D:5:      layout_basic, nicolae_qazlal_eye_of_the_storm, uniq_crazy_yiuf_cottage
D:6:      layout_basic, lemuel_doored_altar
D:7:      layout_basic, tso_altar, mainiacjoe_overflow_boulevard,
          minmay_temple_entry_slanted, minmay_misc_feat_tower,
          grunt_ministairs_9
D:8:      layout_cave_pools, david_lair_generic
Temple:   nicolae_temple_bog_church
Lair:1:   layout_layer_cave, portal_ice_cave_entry_pillars_2,
          small_statue_intersection, minivault_27, serial_bayou_shore_a
Lair:2:   layout_gridlike, minmay_shoals_entry_hut, minivault_27,
          infiniplex_staircase_pool_2
Lair:3:   layout_long_grid, dummy_spider_entry, serial_bayou_shore_b,
          lemuel_fruit_fields, grunt_megastairs_3, lemuel_fruit_tree,
          uniq_gastronok
Lair:4:   layout_cave_pods, basic_altar, bh_autumn_forest_stairs
Lair:5:   due_jungle_book, layout_misc_corridors, slime_entry_1, uniq_urug
Spider:1: layout_cave_pods, gammafunk_ghost_mausoleum, drop_trap,
          hellmonk_watch_for_rolling_rocks
Spider:2: layout_spider_delve, uniq_jorgrun
Slime:1:  layout_caves, nicolae_slime_barrier
Slime:2:  layout_caves
Slime:3:  nicolae_slime_pool, layout_caves, cheibrodos_slime_lost_civilization_4
Slime:4:  cheibrodos_slime_lost_civilization_3, layout_caves
Slime:5

Skill      XL: |  1  2  3  4  5  6  7  8  9 10 11 12 13 14 |
---------------+-------------------------------------------+-----
Armour         | 2 3 5 6 7 8 10 11 | 11.6
Unarmed Combat | 4 5 7 8 9 11 12 13 14 | 14.1
Invocations    | 1 2 3 4 5 6 7 8 9 |  9.1
Fighting       | 3 4 5 6 7 8 |  8.6
Dodging        | 3 4 5 6 7 8 |  8.6
Stealth        | |  1.0

Action                   |  1- 3 |  4- 6 |  7- 9 | 10-12 | 13-15 || total
-------------------------+-------+-------+-------+-------+-------++-------
Melee: Unarmed           |    39 |   121 |   231 |   431 |   329 ||  1151
       Punch             |       |     3 |    10 |    32 |    36 ||    81
       Bite              |       |       |       |    69 |    48 ||   117
       Kick              |       |       |       |    86 |   140 ||   226
Invok: Oozemancy         |       |       |     1 |     1 |       ||     2
  Use: Scroll            |       |     1 |       |     7 |       ||     8
       Potion            |       |       |       |     1 |     2 ||     3
 Stab: Sleeping          |     1 |       |       |       |       ||     1
       Confused          |       |       |     2 |     4 |     1 ||     7
Armor: Robe              |    17 |    16 |       |       |       ||    33
       Gold dragon scale |       |    79 |   177 |   282 |   327 ||   865
Dodge: Dodged            |    20 |    31 |    28 |    93 |   155 ||   327
